AoeStats
← Raymckein

Arena

508225615Analyzed
3v3 RM · 11d ago on Sep 21, 2026· 58m 19s· 6 players
Game mode
Random Map
Map size
Normal (6 player)
Population
200
Speed
Normal
Resources
Standard
Victory
Conquest
Starting age
Dark Age
Ending age
Imperial Age
RankedLock teamsTeams togetherTeam positionsShared explorationLock speedFull tech treeHidden civsTurbo modeCheats
Victory
Defeat
🇪🇸 Khmer · Spain
770
+17
🇪🇸 Burgundians · Spain
763
+18
🇪🇸 Inca · Spain
702
+21
🇵🇪 Turks · Peru
809
-19
🇹🇷 Bohemians · Türkiye
800
-19
🇺🇸 Spanish · United States
793
-18
yendor2003
10:32 Feudal Age
12:07 Wheelbarrow
17:56 Castle Age
17:32 Loom
17:33 Town Watch
18:18 Stone Mining
18:21 Gold Mining
19:29 Town Patrol
19:38 Town Patrol
21:03 Double-Bit Axe
22:16 Stone Shaft Mining
27:19 Scale Barding Armor
27:09 Horse Collar
32:57 Imperial Age
36:14 Hand Cart
38:10 Fletching
38:42 Chain Barding Armor
39:33 Supremacy
40:18 Conscription
40:51 Inquisition
41:25 Caravan
42:31 Plate Barding Armor
42:01 Bodkin Arrow
41:59 Elite Skirmisher
43:42 Elite Conquistador
45:13 Herbal Medicine
45:32 Guilds
46:32 Chemistry
47:44 Bracer
47:46 Scale Mail Armor
47:56 Forging
47:47 Padded Archer Armor
48:01 Fervor
SonOfRain
10:06 Feudal Age
10:38 Horse Collar
10:53 Double-Bit Axe
20:29 Castle Age
19:29 Wheelbarrow
21:35 Heavy Plow
21:55 Bow Saw
27:45 Imperial Age
26:37 Hand Cart
27:18 Pikeman
27:59 Squires
28:57 Ballistics
29:37 Chemistry
29:50 Two-Man Saw
30:54 Elite Skirmisher
34:08 Padded Archer Armor
33:59 Fletching
35:44 Elite Hussite Wagon
36:32 Wagenburg Tactics
39:21 Town Watch
39:21 Loom
40:04 Leather Archer Armor
39:45 Bodkin Arrow
40:03 Masonry
40:09 Siege Engineers
42:21 Halberdier
42:49 Houfnice
49:29 Scale Mail Armor
49:59 Ring Archer Armor
49:30 Bracer
49:41 Forging
49:37 Scale Barding Armor
shamir1993
8:07 Loom
13:03 Feudal Age
14:18 Horse Collar
14:25 Double-Bit Axe
22:09 Arson
21:45 Man-at-Arms
23:46 Gold Mining
23:46 Stone Mining
34:09 Wheelbarrow
42:06 Castle Age
41:18 Forging
41:08 Scale Mail Armor
41:14 Scale Barding Armor
41:00 Fletching
41:10 Padded Archer Armor
43:10 Squires
44:35 Gold Shaft Mining
44:31 Hand Cart
45:20 Bodkin Arrow
48:50 Imperial Age
47:23 Caravan
52:33 Iron Casting
52:14 Chain Mail Armor
55:26 Artillery
#iNFANTES6#
10:14 Feudal Age
13:54 Double-Bit Axe
14:25 Fletching
14:24 Horse Collar
15:36 Bow Saw
17:59 Castle Age
16:47 Heavy Plow
16:53 Loom
18:52 Gold Mining
19:33 Scale Barding Armor
21:13 Wheelbarrow
21:50 Forging
21:17 Elite Skirmisher
22:01 Padded Archer Armor
25:16 Town Watch
25:06 Cavalier
29:57 Iron Casting
29:43 Chain Barding Armor
29:29 Husbandry
30:45 Hand Cart
33:16 Two-Man Saw
33:05 Crop Rotation
32:58 Stone Mining
34:42 Gold Shaft Mining
38:22 Light Cavalry
40:08 Chain Barding Armor
43:18 Imperial Age
43:18 Burgundian Vineyards
44:42 Plate Barding Armor
45:03 Conscription
44:14 Hussar
45:03 Onager
45:08 Paladin
47:12 Chemistry
46:49 Block Printing
47:02 Paladin
47:47 Elite Coustillier
50:45 Blast Furnace
49:40 Bodkin Arrow
indy
12:39 Feudal Age
17:05 Castle Age
19:37 Double-Bit Axe
19:37 Horse Collar
20:59 Wheelbarrow
22:22 Heavy Plow
22:34 Bow Saw
22:17 Gold Mining
24:44 Gold Shaft Mining
24:07 Town Watch
26:58 Hand Cart
36:00 Imperial Age
36:02 Town Patrol
36:11 Cavalier
39:29 Bloodlines
38:40 Light Cavalry
39:49 Forging
39:44 Scale Barding Armor
41:00 Hussar
42:41 Husbandry
43:05 Chain Barding Armor
43:46 Iron Casting
46:13 Crop Rotation
52:56 Conscription
55:08 Plate Barding Armor
55:34 Blast Furnace
Raymckein
3:01 Loom
11:32 Feudal Age
12:01 Double-Bit Axe
12:33 Gold Mining
15:50 Stone Mining
19:12 Forging
19:03 Scale Mail Armor
21:08 Castle Age
24:52 Elite Skirmisher
25:25 Fletching
29:07 Ballistics
32:51 Iron Casting
32:11 Bodkin Arrow
38:11 Imperial Age
43:06 Bracer
43:06 Padded Archer Armor
45:32 Leather Archer Armor
Connection lost

Rejoining the realm…

Still unreachable

The connection could not be restored.

Session expired

The server has moved on; the page needs a fresh start.